 Dungeon Crawl Stone Soup version 0.32-a0-918-g0f22ef8d61 (webtiles) character file.

Game seed: 7317894642374789019

11070 porpoise the Spear-Bearer (level 11, -1/84 HPs)
             Began as a Demonspawn Gladiator on Apr 11, 2024.
             Was a Believer of Fedhas.
             Slain by a five-headed hydra (13 damage)
             ... on level 2 of the Lair of Beasts.
             The game lasted 00:26:27 (10367 turns).

porpoise the Spear-Bearer (Demonspawn Gladiator)   Turns: 10367, Time: 00:26:27

Health: -1/84      AC: 13    Str: 26    XL:     11   Next: 44%
Magic:  18/18      EV: 12    Int:  8    God:    Fedhas [**....]
Gold:   528        SH:  6    Dex: 18    Spells: 10/10 levels left

rFire   . . .        a - +0 trident (spect)
rCold   . . .        E - +1 buckler
rNeg    . . .        H - +0 acid dragon scales
rPois   .            z - +1 helmet
rElec   .            v - +2 cloak
rCorr   +            C - +0 pair of gloves
SInv    +            G - +0 pair of boots
Will    .....        (no amulet)
Stlth   +++++        y - ring of see invisible
HPRegen 0.34/turn    c - +6 ring of strength
MPRegen 0.16/turn

%: no passive effects
@: mighty, wreathed by umbra
A: thin skeletal structure 2, powered by pain 2, weakness stinger 2, foul shadow
1
a: Renounce Religion, Wall of Briars


You were on level 2 of the Lair of Beasts.
You worshipped Fedhas.
Fedhas was pleased with you.
You visited 3 branches of the dungeon, and saw 13 of its levels.

You collected 528 gold pieces.

Inventory:

Hand Weapons
 a - a +0 spectral trident (weapon)
 b - a +0 sling
Missiles
 d - 4 throwing nets
 i - 6 darts of dispersal
 I - a curare-tipped dart
Armour
 v - a +2 cloak (worn)
 z - a +1 helmet (worn)
 C - a +0 pair of gloves (worn)
 E - a +1 buckler (worn)
 G - a +0 pair of boots (worn)
 H - +0 acid dragon scales (worn)
Jewellery
 c - a +6 ring of strength (right hand)
 y - a ring of see invisible (left hand)
Wands
 s - a wand of iceblast (11)
 u - a wand of paralysis (5)
 M - a wand of flame (6)
 Q - a wand of acid (2)
Scrolls
 m - a scroll of revelation
 n - 2 scrolls of poison
 x - 2 scrolls of silence
 D - 7 scrolls of teleportation
 P - 3 scrolls of identify
Potions
 h - a potion of resistance
 j - 2 potions of haste
 k - 3 potions of heal wounds
 o - 4 potions of might
 p - 2 potions of curing
 q - a potion of lignification
 F - 3 potions of enlightenment
 K - 3 potions of attraction
 N - a potion of ambrosia
Miscellaneous
 J - a Gell's gravitambourine (2/2)


   Skills:
 - Level 7.0 Fighting
 * Level 13.1 Polearms
 - Level 1.7 Throwing
 + Level 3.2 Dodging
 - Level 5.0 Shields
 + Level 9.7 Invocations


You had 10 spell levels left.
You didn't know any spells.
Your spell library contained the following spells:

 Spells                   Type           Power      Damage    Failure   Level
 Cigotuvi's Dreadful Rot  Necr/Alch/Air  0%         N/A       67%         2
 Tukima's Dance           Hex            0%         N/A       88%         3
 Dimensional Bullseye     Hex/Tloc       0%         N/A       99%         4
 Ignite Poison            Fire/Alch      0%         N/A       99%         4
 Iskenderun's Mystic Bla Conj/Tloc 0%             2d3        (+2d1     99%         4
 Freezing Cloud           Conj/Ice/Air   0%         6-21      100%        5
 Malign Gateway           Summ/Tloc      0%         N/A       100%        7
 Summon Horrible Things   Summ           0%         N/A       100%        8


Dungeon Overview and Level Annotations

Branches:
Dungeon (10/15)            Temple (1/1) D:7            Lair (2/5) D:8
  Swamp: Lair:2-3    Shoals: Lair:2-3     Snake: Lair:2-3    Spider: Lair:2-3
    Orc: D:9-12

Altars:
Ashenzari
Cheibriados
Dithmenos
Fedhas
Gozag
Hepliaklqana
Kikubaaqudgha
Makhleb
Nemelex Xobeh
Okawaru
Qazlal
Ru
Sif Muna
Trog
Uskayaw
Vehumet
Wu Jian
Xom
Yredelemnul

Annotations:
D:6 2 transporters
D:9 2 transporters, Doorstop00's ghost, novice GrFi


Innate Abilities, Weirdness & Mutations

You have a moderately thin skeletal structure. (Dex +4, Stealth++)
You sometimes gain power by taking damage.
You have a tail ending in a sharp stinger.
You are faintly shadowed, very rarely releasing foul flame when damaged in melee.


Message History

You block the water moccasin's attack. The five-headed hydra bites you!
The five-headed hydra bites you.
You block the five-headed hydra's attack.
The five-headed hydra barely misses you.
The five-headed hydra bites you but does no damage.
The water moccasin bites you but does no damage.
The catoblepas attacks as it pursues you!
The catoblepas closely misses you.
The five-headed hydra attacks as it pursues you!
You block the five-headed hydra's attack.
The five-headed hydra bites you!
The five-headed hydra closely misses you.
The five-headed hydra bites you but does no damage.
The five-headed hydra completely misses you.
The water moccasin bites the bush but does no damage.
The catoblepas attacks as it pursues you!
You block the catoblepas's attack.
Found a scroll of poison.
A rime drake comes into view.
The bush is no longer petrified.
The catoblepas attacks as it pursues you!
The catoblepas gores you but does no damage.
The five-headed hydra attacks as it pursues you!
The five-headed hydra bites you but does no damage.
The five-headed hydra closely misses you. x2
The five-headed hydra completely misses you.
The five-headed hydra bites you. You block the water moccasin's attack.
There is a stone staircase leading up here.
You block the water moccasin's attack. The catoblepas gores you!!
* * * LOW HITPOINT WARNING * * *
You focus on the pain.
You feel very mighty all of a sudden. The five-headed hydra bites you.
* * * LOW HITPOINT WARNING * * *
The five-headed hydra bites you.
* * * LOW HITPOINT WARNING * * *
You block the five-headed hydra's attack.
The five-headed hydra bites you!
You die...
Fedhas appreciates your contribution to the ecosystem.

...........###
.k.P...#.$.P...#
....#..>..#...##
..?.........P..#
...............#
...#>..ß..<#.P.#
.........)l....##
..P....SD...P...#
#...#..@Y.#......#
#P.P...#........##
.....P........P.#
...F.......P....#
......#.........#
.....###........#
..... #........#
..... #........


You could see a catoblepas, a five-headed hydra, a cane toad (asleep), a
basilisk, a rime drake (asleep) and a water moccasin.

Vanquished Creatures
  A centaur warrior (D:10)
  2 two-headed ogres
  A boulder beetle (D:8)
  3 cane toads (Lair:1)
  A rime drake (Lair:1)
  2 trolls
  A hornet (D:9)
  5 blink frogs (Lair:1)
  A vampire (D:10)
  2 wyverns
  13 yaks
  An acid dragon (D:8)
  4 water moccasins
  An ice beast (D:8)
  2 sky beasts
  Pargi (D:4)
  An orc warrior (D:10)
  A black bear (D:7)
  3 centaurs
  A kobold brigand (D:8)
  8 bullfrogs
  A gnoll sergeant (D:6)
  6 scorpions
  5 wights
  5 killer bees (D:9)
  2 howler monkeys
  2 electric eels (Lair:1)
  A crimson imp (D:5)
  7 jellies
  3 bombardier beetles
  4 hounds
  An orc priest (D:3)
  An orc wizard (D:7)
  Ijyb (D:3)
  4 iguanas
  Natasha (D:3)
  10 gnolls
  5 adders
  A shadow imp (D:6)
  2 white imps
  A ribbon worm (D:2)
  3 dart slugs (D:1)
  17 orcs
  19 endoplasms
  2 giant cockroaches
  4 hobgoblins
  5 jackals
  4 quokkas
  9 ball pythons
  18 bats
  4 frilled lizards
  6 goblins
  12 kobolds
  6 rats
227 creatures vanquished.

Vanquished Creatures (others)
  A spectral weapon (D:9)
1 creature vanquished.

Grand Total: 228 creatures vanquished

Notes
Turn   | Place    | Note
-------+----------+-------------------------------------------
     0 | D:1      | porpoise the Demonspawn Gladiator began the quest for the
                  | Orb.
     0 | D:1      | Reached XP level 1. HP: 16/16 MP: 1/1
   104 | D:1      | Reached skill level 3 in Polearms
   184 | D:1      | Gained mutation: You have a small tail. [demonic ancestry]
   184 | D:1      | Reached XP level 2. HP: 22/22 MP: 2/2
   551 | D:1      | Gained mutation: You have a somewhat thin skeletal
                  | structure. (Dex +2, Stealth+) [demonic ancestry]
   551 | D:1      | Reached XP level 3. HP: 26/28 MP: 3/3
   893 | D:2      | Found a faded altar of an unknown god.
   956 | D:2      | Found a broken altar of Ashenzari.
  1551 | D:3      | Reached skill level 4 in Polearms
  1551 | D:3      | Reached XP level 4. HP: 34/34 MP: 4/4
  1792 | D:3      | Noticed Natasha
  1799 | D:3      | Killed Natasha
  2096 | D:3      | Gained mutation: You sometimes gain a little power by
                  | taking damage. [demonic ancestry]
  2096 | D:3      | Reached XP level 5. HP: 41/41 MP: 5/5
  2161 | D:3      | Noticed Ijyb
  2189 | D:3      | Paralysed by Ijyb for 2 turns
  2193 | D:3      | Killed Ijyb
  2643 | D:3      | Reached skill level 5 in Polearms
  2831 | D:4      | Gained mutation: You are faintly shadowed, very rarely
                  | releasing foul flame when damaged in melee. [demonic
                  | ancestry]
  2831 | D:4      | Reached XP level 6. HP: 40/48 MP: 6/6
  3126 | D:4      | Reached skill level 6 in Polearms
  3131 | D:4      | Found a radiant altar of Vehumet.
  3137 | D:4      | Reached XP level 7. HP: 51/55 MP: 7/7
  3201 | D:4      | Noticed Pargi
  3208 | D:4      | Killed Pargi
  3442 | D:5      | Entered Level 5 of the Dungeon
  3449 | D:5      | Reached skill level 5 in Fighting
  3597 | D:5      | Reached skill level 7 in Polearms
  3764 | D:5      | Gained mutation: You sometimes gain power by taking damage.
                  | [demonic ancestry]
  3764 | D:5      | Reached XP level 8. HP: 44/64 MP: 8/8
  4262 | D:5      | Reached skill level 8 in Polearms
  4539 | D:6      | Found a transporter.
  4669 | D:6      | Found a transporter.
  5446 | D:7      | Reached skill level 9 in Polearms
  5528 | D:7      | Found a broken altar of Ashenzari.
  5528 | D:7      | Found a sparkling altar of Nemelex Xobeh.
  5597 | D:7      | Reached skill level 1 in Shields
  5656 | D:7      | Found a staircase to the Ecumenical Temple.
  5689 | D:7      | Gained mutation: You have a moderately thin skeletal
                  | structure. (Dex +4, Stealth++) [demonic ancestry]
  5689 | D:7      | Reached XP level 9. HP: 63/72 MP: 9/9
  5702 | Temple   | Entered the Ecumenical Temple
  5711 | Temple   | Became a worshipper of Fedhas Madash
  6419 | D:8      | Noticed a two-headed ogre
  6426 | D:7      | Killed a two-headed ogre
  6466 | D:8      | Noticed a boulder beetle
  6575 | D:8      | Reached skill level 10 in Polearms
  6580 | D:8      | Killed a boulder beetle
  6892 | D:8      | Reached skill level 5 in Invocations
  6903 | D:8      | Reached XP level 10. HP: 72/79 MP: 13/13
  6909 | D:8      | Reached * piety under Fedhas
  6963 | D:8      | Found a staircase to the Lair.
  7507 | D:9      | Found a basalt altar of Yredelemnul.
  7534 | D:9      | Reached skill level 11 in Polearms
  7870 | D:9      | Found a transporter.
  7879 | D:9      | Noticed Doorstop00's ghost (novice GrFi)
  7890 | D:9      | Found a bloodstained altar of Trog.
  7890 | D:9      | Noticed a two-headed ogre
  7890 | D:9      | Noticed a two-headed ogre
  7901 | D:9      | Noticed a moth of wrath
  7901 | D:9      | Noticed a deep troll
  7902 | D:9      | Found a transporter.
  8022 | D:9      | Reached skill level 5 in Shields
  8371 | D:10     | Entered Level 10 of the Dungeon
  8404 | D:10     | Noticed a two-headed ogre
  8413 | D:10     | Killed a two-headed ogre
  8426 | D:10     | Reached ** piety under Fedhas
  8427 | D:10     | Reached skill level 12 in Polearms
  8761 | D:10     | Noticed a centaur warrior
  8778 | D:10     | Killed a centaur warrior
  8779 | D:10     | Gained mutation: You have a tail ending in a sharp stinger.
                  | [demonic ancestry]
  8779 | D:10     | Reached XP level 11. HP: 72/84 MP: 17/17
  9056 | Lair:1   | Entered Level 1 of the Lair of Beasts
  9205 | Lair:1   | HP: 2/84 [yak (13)]
  9752 | Lair:1   | Reached skill level 13 in Polearms
 10349 | Lair:2   | Noticed a catoblepas
 10349 | Lair:2   | Noticed a five-headed hydra
 10367 | Lair:2   | Slain by a five-headed hydra

Illustrated notes

Levels and vault maps discovered:
D:1:      psy_arrival_fountain, layout_loops_ring, minmay_circled_x
D:2:      layout_basic, basic_altar, basic_ecumenical_altar
D:3:      cheibrodos_fertilizer, layout_loops_corners, minmay_door_square,
          wander_ebering_terrifying_dragon_lair, uniq_natasha, uniq_ijyb
D:4:      layout_cave_pools, nicolae_vehumet_radiance, roderic_batcave,
          uniq_pargi
D:5:      layout_gridville, chequers_serial_rivers_small_b, serial_bayou_pond_a,
          minivault_14, minmay_liquid_box, minmay_fire_ice_demons
D:6:      layout_loops_ring, gammafunk_ghost_gnarly_gnolls, serial_bayou_ford_a
D:7:      layout_layer_cave, grunt_temple_overflow_open,
          minmay_temple_entry_ruins
D:8:      layout_loops_ring, lair_entry_dummy, minmay_checkerbox
D:9:      layout_rooms, mainiacjoe_overflow_brackets,
          gammafunk_ghost_wrathful_warriors
D:10:     layout_rooms
Temple:   regret_index_temple_mists
Lair:1:   layout_cave_pods, serial_bayou_shore_a
Lair:2:   layout_roguey, evilmike_ambush [evilmike_ambush_outer_basic,
          evilmike_ambush_inner_basic], lemuel_fruit_fields, uniq_fannar

Skill      XL: |  1  2  3  4  5  6  7  8  9 10 11 |
---------------+----------------------------------+-----
Polearms       | 3 4 5 6 7 9 10 12 13 | 13.1
Fighting       | 3 4 5 7 |  7.0
Shields        | 1 4 5 |  5.0
Invocations    | 5 8 9 |  9.7
Dodging        | 3 |  3.2
Throwing       | |  1.7

Action                     |  1- 3 |  4- 6 |  7- 9 | 10-12 || total
---------------------------+-------+-------+-------+-------++-------
  Melee: Trident           |   118 |   174 |   225 |   226 ||   743
         Tailslap          |     6 |    16 |    28 |    29 ||    79
   Fire: Sling             |    13 |     4 |       |       ||    17
  Throw: Dart              |       |       |     4 |       ||     4
  Evoke: Wand              |       |       |       |     2 ||     2
    Use: Scroll            |     6 |     1 |     5 |     7 ||    19
         Potion            |       |       |       |     2 ||     2
   Stab: Sleeping          |     7 |     6 |     6 |     8 ||    27
         Distracted        |       |       |     2 |     4 ||     6
 Armour: Leather armour    |    34 |       |       |       ||    34
         Ring mail         |    11 |   111 |   101 |       ||   223
         Acid dragon scale |       |       |     8 |    87 ||    95
  Dodge: Dodged            |    51 |    75 |    85 |    82 ||   293
  Block: Buckler           |       |       |    15 |    42 ||    57

Table legend: (Time is in decaauts)
 A = Elapsed time spent in this place.
 B = Non-inter-level travel time spent in this place.
 C = Inter-level travel time spent in this place.
 D = Time resting spent in this place.
 E = Time spent auto-exploring this place.
 F = Levels seen in this place.
 G = Mean time per level.
                   A        B        C        D        E       F      G
               +--------+--------+--------+--------+--------+-----+--------+
         Total |  10349 |   9884 |    465 |   1740 |   6426 |  13 |  796.1 |
       Dungeon |   8970 |   8587 |    383 |   1376 |   5670 |  10 |  897.0 |
        Temple |     73 |     52 |     21 |      0 |     50 |   1 |   73.0 |
          Lair |   1305 |   1246 |     59 |    364 |    706 |   2 |  652.5 |
               +--------+--------+--------+--------+--------+-----+--------+

Top non-repeatable levels by time:
     D:3: 1491 daAuts
  Lair:1: 1289 daAuts
     D:5: 1091 daAuts
     D:7: 1039 daAuts
     D:8: 973 daAuts
     D:9: 910 daAuts
     D:6: 891 daAuts
     D:1: 879 daAuts
     D:4: 635 daAuts
    D:10: 593 daAuts
     D:2: 463 daAuts
  Temple: 73 daAuts
  Lair:2: 16 daAuts
